 Dungeon Crawl Stone Soup version 0.22.0-38-g04b72b8 (webtiles) character file.

149 leisz the Skirmisher (level 5, -2/42 HPs)
             Began as a Demonspawn Abyssal Knight on Aug 26, 2018.
             Was a Believer of Lugonu.
             Slain by a gnoll (6 damage)
             ... on level 3 of the Dungeon.
             The game lasted 00:06:27 (1887 turns).

leisz the Skirmisher (Demonspawn Abyssal Knight)    Turns: 1887, Time: 00:06:28

Health: -2/42      AC:  5    Str: 12    XL:     5   Next: 9%
Magic:  6/6        EV: 11    Int: 14    God:    Lugonu [**....]
Gold:   140        SH:  0    Dex: 13    Spells: 4/4 levels left

rFire    + . .     SeeInvis .   a - +1 mace
rCold    + . .     Gourm    .   (no shield)
rNeg     . . .     Faith    .   m - +0 ring mail
rPois    .         Spirit   .   (no helmet)
rElec    .         Reflect  .   i - scarf {rC+ rF+}
rCorr    .         Harm     .   (no gloves)
MR       .....                  (no boots)
Stlth    +.........             (no amulet)
HPRegen  0.14/turn              (no ring)
MPRegen  0.10/turn              (no ring)

@: no status effects
A: powered by death 1
a: Depart the Abyss, Bend Space, Renounce Religion


You were on level 3 of the Dungeon.
You worshipped Lugonu.
Lugonu was pleased with you.
You were not hungry.

You visited 1 branch of the dungeon, and saw 3 of its levels.
You visited the Abyss 1 time.

You collected 140 gold pieces.

Inventory:

Hand Weapons
 a - a +1 mace (weapon)
 g - a +0 hunting sling
Missiles
 e - 49 stones (quivered)
 f - 20 sling bullets
Armour
 b - a +0 leather armour
 i - a scarf of resistance (worn)
 m - a +0 ring mail (worn)
Wands
 k - a wand of acid (11)
Scrolls
 d - a scroll of identify {unknown}
 j - a scroll of teleportation {unknown}
 o - a scroll of enchant armour {unknown}
 p - a scroll of magic mapping {unknown}
 q - a scroll of blinking {unknown}
Potions
 h - 2 potions of resistance {unknown}
 l - a potion of lignification {unknown}
 n - a potion of flight {unknown}
 r - 3 potions of curing {unknown}
Comestibles
 c - 5 rations
 s - a chunk of flesh


   Skills:
 + Level 3.9 Fighting
 + Level 2.8 Maces & Flails
 + Level 2.8 Armour
 + Level 2.2 Dodging
 - Level 2.4 Invocations


You had 4 spell levels left.
You didn't know any spells.
Your spell library was empty.

Dungeon Overview and Level Annotations

Branches:
Dungeon (3/15)

Altars:


Innate Abilities, Weirdness & Mutations

You regenerate a little health from kills.


Message History

The gnoll hits you but does no damage. The gnoll hits you.
You hit the gnoll but do no damage.
The gnoll is almost dead.
The gnoll hits you. The gnoll barely misses you.
The gnoll hits you but does no damage. The gnoll closely misses you.
You completely miss the gnoll.
The gnoll is almost dead.
The gnoll barely misses you. The gnoll hits you. x2
* * * LOW HITPOINT WARNING * * *
You hit the gnoll.
You kill the gnoll!
Lugonu accepts your kill. The gnoll hits you with a halberd.
* * * LOW HITPOINT WARNING * * *
The gnoll hits you.
* * * LOW HITPOINT WARNING * * *
You barely miss the gnoll.
The gnoll is moderately wounded.
The gnoll hits you.
You die...

.# (# . .#
.#. #(#....
### ..#...(
### #.. .....
..# #.#
##..#.### #.#
#.# #?g.....#
#.#
#.###@#.#.#.#
#.###...g.# #
#.........#
#.####(..##
#.# #...# #.#
#####
########.#
.#.......#
#.########


You could see 2 gnolls.

Vanquished Creatures
  A bullfrog (D:2)
  A gnoll (D:3)
  2 adders (D:3)
  3 oozes
  A worm (D:2)
  A dart slug (D:2)
  2 leopard geckos (D:2)
  3 giant cockroaches
  8 hobgoblins
  4 bats
  5 frilled lizards
  3 goblins
  3 kobolds
  6 rats
43 creatures vanquished.

Notes
Turn   | Place    | Note
-------+----------+-------------------------------------------
     0 | Abyss:1  | leisz the Demonspawn Abyssal Knight began the quest for the Orb.
     0 | Abyss:1  | Reached XP level 1. HP: 18/18 MP: 2/2
    10 | D:1      | Escaped the Abyss
    66 | D:1      | Reached skill level 1 in Dodging
   298 | D:1      | You fall through a shaft!
   303 | D:2      | Gained mutation: You regenerate a little health from kills. [demonic ancestry]
   303 | D:2      | Reached XP level 2. HP: 23/24 MP: 3/3
   632 | D:1      | Reached XP level 3. HP: 29/29 MP: 4/4
   656 | D:1      | Reached ** piety under Lugonu
  1283 | D:2      | Noticed a bullfrog
  1286 | D:2      | Killed a bullfrog
  1286 | D:2      | Reached XP level 4. HP: 32/37 MP: 5/5
  1812 | D:3      | Reached XP level 5. HP: 40/42 MP: 6/6
  1887 | D:3      | Slain by a gnoll

Skill      XL: |  1  2  3 |
---------------+----------+-----
Dodging        | 1 2 |  2.2
Maces & Flails | 2 |  2.8
Armour         | 2 |  2.8
Fighting       | |  3.9
Invocations    | |  2.4

Action                   |  1- 3 |  4- 6 || total
-------------------------+-------+-------++-------
Melee: Mace              |    77 |    21 ||    98
 Fire: Hunting sling     |    10 |    22 ||    32
Throw: Stone             |    25 |     7 ||    32
  Eat: Chunk             |     1 |     1 ||     2
       Ration            |       |     1 ||     1
Armor: Leather armour    |    12 |       ||    12
       Ring mail         |    13 |    16 ||    29
Dodge: Dodged            |    57 |    29 ||    86
